Map: Darkness Sanctuary LE

Players

KillJoy

  • Race: Zerg Zerg
  • Spawn Location: 1:00

PSosa - Winner!

  • Race: Zerg Zerg
  • League: Diamond
  • Spawn Location: 11:00

VOD

Have the link to the VOD?

Description

Time

  • Played on: Aug. 15, 2018, 9:14 p.m.
  • Length: 4:50
Show
View Real Time Build Order
Export as new Build Order

KillJoy Zerg 

Build Orders: Hatch First 

Get SALT Encoding   

  12  0:01  Drone  
  13  0:11  Drone  
  14  0:15  Extractor  
  14  0:16  Drone  
  15  0:40  Hatchery  
  14  0:45  Extractor  
  14  0:46  Drone  
  14  1:06  Spawning Pool  
  14  1:11  Drone  
  14  1:20  Overlord  
  14  1:40  Drone  
  15  1:55  Metabolic Boost, Queen  
  15  1:57  Zergling x4  
  19  2:04  Zergling x2  
  19  2:06  Zergling x2  
  19  2:07  Zergling x2  
  22  2:12  Overlord  
  22  2:20  Zergling x4  
  26  2:40  Drone x2  
  28  2:50  Overlord  
  28  2:52  Zergling x4  
  28  2:59  Zergling x4  
  30  3:06  Zergling x4  
  30  3:07  Zergling x4  
  34  3:16  Zergling x4  
  36  3:30  Zergling x4  
  36  3:31  Zergling x2  
  39  3:38  Overlord  
  39  3:42  Zergling x2  
  30  3:51  Zergling x6  
  30  3:52  Zergling x2  
  31  4:01  Zergling x4  
  31  4:11  Zergling x4  
  27  4:27  Zergling x4  
  28  4:31  Hatchery  
  29  4:40  Evolution Chamber  
Show
View Real Time Build Order
Export as new Build Order

PSosa Zerg - Winner!

Build Orders: Hatch First 

Get SALT Encoding   

  12  0:01  Drone  
  13  0:13  Overlord  
  13  0:19  Drone  
  14  0:30  Drone, Extractor  
  14  0:33  Drone  
  16  0:36  Drone  
  17  0:54  Hatchery  
  17  0:57  Drone  
  17  0:59  Drone  
  18  1:11  Extractor  
  17  1:14  Spawning Pool  
  16  1:21  Drone x2  
  18  1:29  Drone  
  19  1:41  Drone  
  20  2:01  Queen  
  20  2:08  Queen, Hatchery  
  21  2:15  Metabolic Boost  
  23  2:17  Zergling x2  
  23  2:20  Drone  
  25  2:27  Zergling x4  
  25  2:29  Zergling x2  
  28  2:37  Overlord  
  28  2:45  Baneling Nest  
  27  2:56  Overlord  
  28  2:58  Zergling x6  
  28  2:59  Zergling x2  
  28  3:02  Drone  
  32  3:17  Queen  
  34  3:24  Drone x3  
  34  3:26  Zergling x2  
  39  3:27  Zergling x2  
  39  3:29  Baneling x2  
  39  3:36  Drone x2  
  35  3:51  Zergling x12  
  36  3:58  Zergling x4  
  36  3:59  Zergling x2  
  37  4:05  Zergling x4  
  37  4:06  Zergling x2  
  35  4:11  Baneling  
  35  4:12  Baneling  
  33  4:18  Zergling x6  
  36  4:35  Drone  
Tags
 
Add a new tag
Caveats
  • Supply blocks, unpowered buildings, or Contaminate may cause inaccurate times.
  • Supply counts are checked every 10 seconds.